 Dungeon Sprint DCSS version 0.21.1-1-g345015f (webtiles) character file.

2471 wojtek the Severer (level 9, -4/135 HPs)
             Began as a Minotaur Berserker on Feb 13, 2018.
             Was the Champion of Trog.
             Slain by a two-headed ogre
             ... wielding a +0 giant club
              (13 damage)
             ... in the Dungeon (Sprint III: "The Ten Rune Challenge").
             The game lasted 00:02:54 (1122 turns).

wojtek the Severer (Minotaur Berserker)             Turns: 1122, Time: 00:02:55

Health: -4/135     AC:  7    Str: 29    XL:     9   Next: 26%
Magic:  8/8        EV: 16    Int:  4    God:    Trog [******]
Gold:   35         SH:  0    Dex: 11    Spells: 8/8 levels left

rFire    . . .     SeeInvis .   b - +4 executioner's axe (flame)
rCold    . . .     Gourm    .   (shield currently unavailable)
rNeg     . . .     Faith    .   r - +0 ring mail
rPois    .         Spirit   .   (helmet restricted)
rElec    .         Reflect  .   (no cloak)
rCorr    .         Harm     .   (no gloves)
MR       .....     NoTele   +   (no boots)
Stlth    ..........             (no amulet)
HPRegen  0.32/turn              (no ring)
MPRegen  0.11/turn              (no ring)

@: berserking, very quick
A: retaliatory headbutt, horns 2
a: Berserk, Trog's Hand, Brothers in Arms, Burn Spellbooks, Renounce Religion


You were in the Dungeon.
You worshipped Trog.
Trog was exalted by your worship.
You were very hungry.

You visited 1 branch You collected 35 gold pieces.

Inventory:

Hand Weapons
 a - a +0 hand axe
 b - a +4 executioner's axe of flaming (weapon)
Armour
 r - a +0 ring mail (worn)
Scrolls
 i - a scroll of blinking
 l - a scroll of holy word {unknown}
 m - 4 scrolls of identify
 n - a scroll of remove curse {unknown}
 p - a scroll of immolation {unknown}
Potions
 d - a potion of curing
 e - 2 potions of heal wounds
 f - a potion of haste
 g - 2 potions of magic
 h - 4 potions of berserk rage
 k - a potion of brilliance {unknown}
 o - 2 potions of flight
 q - 6 potions of mutation
Miscellaneous
 s - a box of beasts
Comestibles
 c - 4 rations
 j - 20 chunks of flesh


   Skills:
 + Level 11.8 Fighting
 * Level 15.6 Axes
 + Level 11.5 Armour
 + Level 10.7 Dodging


You had 8 spell levels left.
You didn't know any spells.

Dungeon Overview and Level Annotations

Branches:
Dungeon (1/1)

Altars:
Cheibriados
Dithmenos
Elyvilon
Fedhas
Gozag
Hepliaklqana
Kikubaaqudgha
Makhleb
Nemelex Xobeh
Okawaru
Qazlal
Ru
Sif Muna
Trog
Uskayaw
Vehumet
Wu Jian
Xom
Yredelemnul
Zin
The Shining One
Beogh
Jiyva
Lugonu


Innate Abilities, Weirdness & Mutations

You reflexively headbutt those who attack you in melee.
You have a pair of horns on your head.


Message History

You slash Erolcha! You burn Erolcha.
You kill Erolcha!
Trog accepts your kill. Something appears at your feet!
Trog grants you a weapon!
Trog appreciates your killing of a magic user.
Your Axes skill increases to level 15!
Your Armour skill increases to level 11!
You have reached level 9!
Your experience leads to an increase in your attributes!
Your base attributes are Str 23, Int 4, Dex 11.
Increase (S)trength, (I)ntelligence, or (D)exterity?
You feel stronger.
You slash the two-headed ogre! You burn the two-headed ogre.
You headbutt the two-headed ogre!
The two-headed ogre is moderately wounded.
The two-headed ogre hits you with a giant club!
* * * LOW HITPOINT WARNING * * *
The two-headed ogre hits you with a giant club!
You die...

__# ._# ÷## ..#
..# #'#
..#+##############
))#....#.#.#.....#
.)##.#..#.##.###@#
..'##.#.#)##.#.O##
..#...#..#..##..
▓▓▓▓▓▓▓▓▓▓▓▓▓▓▓▓


You could see a two-headed ogre.

Vanquished Creatures
  Erolcha (D)
  A deep elf mage (D)
  A shadow (D)
  A spatial vortex (D)
  A necrophage (D)
  4 two-headed ogres (D)
  A water elemental (D)
  A scorpion (D)
  A jelly (D)
  A wizard (D)
  Jessica (D)
  A necromancer (D)
  3 humans (D)
  A kobold demonologist (D)
  An ooze (D)
  2 rats (D)
22 creatures vanquished.

Vanquished Creatures (others)
  2 draconian scorchers (D)
  6 hellions (D)
  3 yaktaurs (D)
  2 plants (D)
13 creatures vanquished.

Grand Total: 35 creatures vanquished

Notes
Turn   | Place    | Note
-------+----------+-------------------------------------------
     0 | D        | wojtek the Minotaur Berserker began the quest for the Orb.
     0 | D        | Reached XP level 1. HP: 19/19 MP: 0/0
     6 | D        | Reached skill level 4 in Axes
    12 | D        | Noticed Jessica
    15 | D        | Killed Jessica
    15 | D        | Reached ** piety under Trog
    15 | D        | Reached skill level 5 in Axes
    15 | D        | Reached XP level 2. HP: 24/28 MP: 1/1
    15 | D        | Reached XP level 3. HP: 31/35 MP: 2/2
    52 | D        | Noticed a scorpion
    69 | D        | Killed a scorpion
    69 | D        | Reached skill level 5 in Fighting
    69 | D        | Reached skill level 7 in Axes
    69 | D        | Reached XP level 4. HP: 21/44 MP: 3/3
    78 | D        | Killed a hellion
    78 | D        | Killed a hellion
   103 | D        | Killed a hellion
   160 | D        | Killed a white draconian scorcher
   164 | D        | Killed a hellion
   165 | D        | Killed a hellion
   172 | D        | Killed a yaktaur
   230 | D        | Killed a white draconian scorcher
   251 | D        | Killed a hellion
   293 | D        | Reached *** piety under Trog
   293 | D        | Reached skill level 5 in Armour
   314 | D        | Killed a yaktaur
   371 | D        | Noticed a water elemental
   375 | D        | Killed a water elemental
   375 | D        | Reached skill level 8 in Axes
   375 | D        | Reached skill level 5 in Dodging
   375 | D        | Reached XP level 5. HP: 51/51 MP: 4/4
   424 | D        | Found a radiant altar of Vehumet.
   425 | D        | Found a deep blue altar of Sif Muna.
   425 | D        | Found an ancient bone altar of Kikubaaqudgha.
   428 | D        | Reached skill level 9 in Axes
   429 | D        | Reached **** piety under Trog
   471 | D        | Found a glowing silver altar of Zin.
   471 | D        | Found a glowing golden altar of the Shining One.
   471 | D        | Found a white marble altar of Elyvilon.
   472 | D        | Noticed a deep elf mage
   486 | D        | Killed a deep elf mage
   486 | D        | Reached skill level 12 in Axes
   486 | D        | Reached XP level 6. HP: 37/63 MP: 5/5
   486 | D        | Reached XP level 7. HP: 42/70 MP: 6/6
   677 | D        | Found a hide-covered altar of Uskayaw.
   677 | D        | Found an iron altar of Okawaru.
   678 | D        | Found a roughly hewn altar of Beogh.
   678 | D        | Found a bloodstained altar of Trog.
   678 | D        | Found an ornate altar of the Wu Jian Council.
   678 | D        | Noticed a human
   678 | D        | Noticed a human
   691 | D        | Reached ***** piety under Trog
   691 | D        | Killed a human
   694 | D        | Killed a human
   694 | D        | Reached skill level 13 in Axes
   750 | D        | Killed a yaktaur
   809 | D        | Found a shadowy altar of Dithmenos.
   815 | D        | Reached skill level 10 in Fighting
   816 | D        | Found a basalt altar of Yredelemnul.
   816 | D        | Found a sacrificial altar of Ru.
   822 | D        | Received a gift from Trog
   822 | D        | Reached XP level 8. HP: 79/79 MP: 7/7
   839 | D        | Reached skill level 10 in Armour
   987 | D        | Found a blossoming altar of Fedhas.
   987 | D        | Found a stormy altar of Qazlal.
   987 | D        | Found a snail-covered altar of Cheibriados.
   987 | D        | Found a burning altar of Makhleb.
   987 | D        | Found a shimmering altar of Xom.
   988 | D        | Found a hazy altar of Hepliaklqana.
   988 | D        | Found an opulent altar of Gozag.
   988 | D        | Found a sparkling altar of Nemelex Xobeh.
   988 | D        | Found a corrupted altar of Lugonu.
   988 | D        | Found a viscous altar of Jiyva.
  1012 | D        | Reached skill level 14 in Axes
  1076 | D        | Noticed a two-headed ogre
  1084 | D        | Killed a two-headed ogre
  1084 | D        | Reached ****** piety under Trog
  1084 | D        | Reached skill level 10 in Dodging
  1114 | D        | Noticed a two-headed ogre
  1114 | D        | Noticed Erolcha
  1114 | D        | Paralysed by Erolcha for 5 turns
  1121 | D        | Killed Erolcha
  1121 | D        | Received a gift from Trog
  1121 | D        | Reached skill level 15 in Axes
  1121 | D        | Reached XP level 9. HP: 21/90 MP: 8/8
  1122 | D        | Slain by a two-headed ogre

Skill      XL: |  1  2  3  4  5  6  7  8 |
---------------+-------------------------+-----
Fighting       | 4 5 6 9 10 11 | 11.8
Axes           | 5 7 8 12 13 15 | 15.6
Armour         | 4 6 8 9 11 | 11.5
Dodging        | 3 4 5 8 10 | 10.7

Action                   |  1- 3 |  4- 6 |  7- 9 || total
-------------------------+-------+-------+-------++-------
Melee: Hand axe          |    14 |    14 |    23 ||    51
       Headbutt          |     2 |     6 |    12 ||    20
       Executioner's axe |       |       |    17 ||    17
Invok: Berserk           |       |     3 |     2 ||     5
       Burn Spellbooks   |       |       |     1 ||     1
  Eat: Chunk             |       |       |     4 ||     4
Armor: Animal skin       |     1 |       |     2 ||     3
       Ring mail         |       |       |     1 ||     1
Dodge: Dodged            |     5 |     4 |    20 ||    29
